 Dungeon Crawl Stone Soup version 0.30-a0-210-g01b79a254e (webtiles) character file.

Game seed: 4896074985441199999

41 IdlyInterested the Cutter (level 3, -2/28 HPs)
             Began as a Demonspawn Gladiator on Oct 4, 2022.
             Slain by a gnoll
             ... wielding a +0 spear
              (4 damage)
             ... on level 2 of the Dungeon.
             The game lasted 00:02:40 (934 turns).

IdlyInterested the Cutter (Demonspawn Gladiator)     Turns: 934, Time: 00:02:41

Health: -2/28      AC:  6    Str: 14    XL:     3   Next: 32%
Magic:  3/3        EV: 11    Int: 11    God:
Gold:   35         SH:  0    Dex: 14    Spells: 2/2 levels left

rFire   . . .      SeeInvis .    a - +0 rapier
rCold   . . .      Faith    .    (no shield)
rNeg    . . .      Spirit   .    g - +0 ring mail
rPois   .          Reflect  .    c - +0 helmet
rElec   .          Harm     .    (no cloak)
rCorr   .          Rampage  .    (no gloves)
Will    .....                    (no boots)
Stlth   +.........               (no amulet)
HPRegen 0.24/turn                (no ring)
MPRegen 0.16/turn                (no ring)

@: hasted, invisible (expiring), very quick
A: magic regeneration
a: no special abilities


You were on level 2 of the Dungeon.
You visited 1 branch of the dungeon, and saw 2 of its levels.

You collected 35 gold pieces.

Inventory:

Hand Weapons
 a - a +0 rapier (weapon)
Missiles
 d - 3 throwing nets (quivered)
 e - a javelin
Armour
 b - a +0 leather armour
 c - a +0 helmet (worn)
 g - a +0 ring mail (worn)
Scrolls
 h - a scroll of fear {unknown}
 i - a scroll of blinking {unknown}
 j - a scroll of identify {unknown}


   Skills:
 + Level 2.4 Fighting
 * Level 3.3 Short Blades
 - Level 1.7 Throwing
 - Level 2.6 Dodging
 * Level 1.7 Stealth


You had 2 spell levels left.
You didn't know any spells.
Your spell library was empty.

Dungeon Overview and Level Annotations

Branches:
Dungeon (2/15)

Altars:


Innate Abilities, Weirdness & Mutations

You regenerate magic rapidly.


Message History

It was a potion of haste.
You feel yourself speed up. The gnoll barely misses you.
You hit the gnoll but do no damage.
The gnoll is heavily wounded.
The gnoll closely misses you.
You barely miss the gnoll.
The gnoll is heavily wounded.
You hit the gnoll.
The gnoll is heavily wounded.
The gnoll misses you.
You closely miss the gnoll.
The gnoll is heavily wounded.
The gnoll hits you but does no damage.
You catch the helpless gnoll completely off-guard!
You hit the gnoll.
The gnoll is severely wounded.
You hit the gnoll.
You kill the gnoll!
You hit the gnoll.
The gnoll shouts!
The gnoll is heavily wounded.
You closely miss the gnoll.
The gnoll is moderately wounded.
The gnoll hits you with a +0 spear.
* * * LOW HITPOINT WARNING * * *
You hit the gnoll.
The gnoll is severely wounded.
You flicker for a moment.
You closely miss the gnoll.
The gnoll is severely wounded.
The gnoll completely misses you.
You closely miss the gnoll.
The gnoll is severely wounded.
The gnoll barely misses you.
You hit the gnoll.
The gnoll is severely wounded.
You hit the gnoll.
The gnoll is almost dead.
The gnoll hits you with a +0 spear.
You die...

#$. #.# #># ...
.# #.# .# #
#.##.##.#
#########.......#
#.....@gJg......#
#....###rg.####.#
#... #.....# #..
#...#..... #.
..!.....####.# ..
.....#... # #
......##...
#####. ...## ##
##.#


You could see 3 gnolls, an endoplasm and a rat (unable to see you).

Vanquished Creatures
  A gnoll (D:2)
  An adder (D:2)
  An endoplasm (D:1)
  2 giant cockroaches
  A goblin (D:1)
  5 hobgoblins (D:1)
  2 ball pythons
  5 bats (D:1)
  3 frilled lizards
  A kobold (D:1)
  A rat (D:1)
23 creatures vanquished.

Notes
Turn   | Place    | Note
-------+----------+-------------------------------------------
     0 | D:1      | IdlyInterested the Demonspawn Gladiator began the quest for
                  | the Orb.
     0 | D:1      | Reached XP level 1. HP: 16/16 MP: 1/1
   294 | D:1      | Gained mutation: You regenerate magic rapidly. [demonic
                  | ancestry]
   294 | D:1      | Reached XP level 2. HP: 22/22 MP: 2/2
   322 | D:1      | Reached skill level 1 in Stealth
   528 | D:1      | Reached skill level 3 in Short Blades
   798 | D:2      | Reached XP level 3. HP: 23/28 MP: 3/3
   929 | D:2      | HP: 1/28 [gnoll/+0 spear (3)]
   934 | D:2      | Slain by a gnoll

Illustrated notes

Levels and vault maps discovered:
D:1:      dpeg_arrival_prison, layout_basic, minmay_fountain_box
D:2:      layout_loops_cross, chequers_arboretum, minmay_misc_feat_diagonals,
          uniq_sigmund

Skill      XL: |  1  2 |
---------------+-------+-----
Stealth        | 1 |  1.7
Short Blades   | 3 |  3.3
Fighting       | |  2.4
Throwing       | |  1.7
Dodging        | |  2.6

Action                   || total
-------------------------++-------
Melee: Rapier            ||   106
  Use: Potion            ||     2
 Stab: Invisible         ||     1
Armor: Ring mail         ||    46
Dodge: Dodged            ||    76

Table legend: (Time is in decaauts)
 A = Elapsed time spent in this place.
 B = Non-inter-level travel time spent in this place.
 C = Inter-level travel time spent in this place.
 D = Time resting spent in this place.
 E = Time spent auto-exploring this place.
 F = Levels seen in this place.
 G = Mean time per level.
                   A        B        C        D        E       F      G
               +--------+--------+--------+--------+--------+-----+--------+
         Total |    936 |    808 |    128 |     30 |    493 |   2 |  468.0 |
       Dungeon |    936 |    808 |    128 |     30 |    493 |   2 |  468.0 |
               +--------+--------+--------+--------+--------+-----+--------+

Top non-repeatable levels by time:
     D:1: 880 daAuts
     D:2: 55 daAuts
